 Dungeon Crawl Stone Soup version 0.31-a0-331-geda263fcf1 (webtiles) character file.

Game seed: 17597120434549086034

7446 Newt the Protected (level 11, 0/86 HPs)
             Began as a Barachi Fighter on July 19, 2023.
             Was a Priest of the Shining One.
             Slain by Erica
             ... wielding a +3 scimitar of flaming
              (6 damage)
             ... on level 10 of the Dungeon.
             The game lasted 00:11:00 (9644 turns).

Newt the Protected (Barachi Fighter)                Turns: 9644, Time: 00:11:00

Health: 0/86       AC: 14    Str: 21    XL:     11   Next: 15%
Magic:  16/16      EV: 17    Int: 16    God:    the Shining One [***...]
Gold:   714        SH:  6    Dex: 11    Spells: 10/10 levels left

rFire   . . .        G - +5 long sword
rCold   . . .        c - +0 buckler
rNeg    + . .        h - +5 ring mail
rPois   .            q - +1 hat
rElec   .            s - +0 cloak
rCorr   .            (no gloves)
SInv    .            C - +2 pair of boots
Will    .....        (no amulet) Stlth
                     g - +5 ring of evasion
HPRegen 0.34/turn    f - +6 ring of intelligence
MPRegen 0.15/turn

%: no passive effects
@: about to teleport, corroded, slowed, glowing, very slow
A: amphibious, slowness 1, strong legs 1, +LOS
a: Hop, Renounce Religion, Divine Shield, Cleansing Flame


You were on level 10 of the Dungeon.
You worshipped the Shining One.
The Shining One was most pleased with you.
You visited 1 branch of the dungeon, and saw 10 of its levels.

You collected 714 gold pieces.

Inventory:

Hand Weapons
 a - a +0 heavy long sword
 o - a +1 long sword of holy wrath
 G - a +5 long sword (weapon)
 H - a +4 falchion
 J - a +2 scimitar of holy wrath
Missiles
 n - 19 poisoned darts
 y - 5 boomerangs
Armour
 b - a +0 scale mail
 c - a +0 buckler (worn)
 h - a +5 ring mail (worn)
 q - a +1 hat (worn)
 s - a +0 cloak (worn)
 C - a +2 pair of boots (worn)
Jewellery
 f - a +6 ring of intelligence (right hand)
 g - a +5 ring of evasion (left hand)
 r - a ring of protection from fire
 A - a ring of ice
 B - a ring of willpower
 F - a ring of protection from fire
 K - a ring of see invisible
Wands
 E - a wand of paralysis (5)
Scrolls
 e - 4 scrolls of teleportation
 i - a scroll of revelation
 k - 3 scrolls of fear
 l - 2 scrolls of noise
 w - 2 scrolls of identify
 L - a scroll of amnesia
 M - a scroll of butterflies
Potions
 d - 3 potions of might
 j - a potion of ambrosia
 m - a potion of cancellation
 p - 3 potions of attraction
 t - a potion of mutation
 u - 3 potions of degeneration
 v - 3 potions of berserk rage
 x - 3 potions of haste
 z - a potion of enlightenment
 D - 2 potions of brilliance
 I - a potion of curing


   Skills:
 - Level 8.0 Fighting
 - Level 9.0 Long Blades
 - Level 10.0 Armour
 + Level 5.1 Dodging
 - Level 9.0 Shields
 - Level 7.0 Invocations


You had 10 spell levels left.
You didn't know any spells.
Your spell library contained the following spells:

 Spells                   Type           Power      Damage    Failure   Level
 Magic Dart               Conj           0%         1d3       41%         1
 Call Imp                 Summ           0%         N/A       54%         2
 Call Canine Familiar     Summ           0%         N/A       78%         3
 Mephitic Cloud           Conj/Pois/Air  0%         N/A       78%         3
 Ozocubu's Armour         Ice            0%         N/A       78%         3
 Portal Projectile        Hex/Tloc       0%         N/A       78%         3
 Leda's Liquefaction      Hex/Erth       0%         N/A       99%         4
 Ozocubu's Refrigeration  Ice            0%         4d7       100%        7


Dungeon Overview and Level Annotations

Branches:
Dungeon (10/15)            Temple (0/1) D:5            Lair (0/5) D:9
    Orc: D:9-12

Altars:
Cheibriados
Elyvilon
Fedhas
Gozag
Hepliaklqana
Okawaru
Ru
Trog
Vehumet
Wu Jian
Xom
Yredelemnul
Zin
The Shining One

Shops:
D:4 [   D:5 (   D:9 :   D:10 [

Portals:
Abyss: D:5

Annotations:
D:5 2 transporters, klm127's ghost, novice DrCj
D:10 Erica


Innate Abilities, Weirdness & Mutations

You are amphibious.
You cover ground slowly.
You can hop short distances.
You have an extended range of vision and can be seen from far away.


Message History

The acid dragon bites you but does no damage.
The acid dragon claws you.
Unknown command.
You slash the acid dragon!
The acid dragon is almost dead.
You block the centaur's attack.
The centaur kicks you but does no damage.
The centaur misses you.
The centaur kicks you but does no damage.
The acid dragon spits acid at you. The splash of acid hits you!!!
* * * LOW HITPOINT WARNING * * *
The acid corrodes you!
The kobold demonologist mumbles some strange words.
You slash the acid dragon!
You kill the acid dragon!
The centaur closely misses you. The centaur kicks you.
* * * LOW HITPOINT WARNING * * *
The kobold demonologist gestures wildly while chanting.
Unknown command.
Unknown command.
Okay, then.
Aiming: Paralyse
Press: ? - help, Shift-Dir - straight line, f - Erica
Aim: Erica, wielding a +3 scimitar of flaming and wearing a +0 robe (slightly transparent, haloed, chance to affect: 17%) Erica resists with almost no effort.
You block the centaur's attack. x2
The centaur hits you.
* * * LOW HITPOINT WARNING * * *
The centaur misses you. Erica casts a spell at you.
You feel yourself slow down.
Unknown command.
As you read the scroll of teleportation, it crumbles to dust.
You feel strangely unstable.
The sentinel's mark upon you fades away.
You block the centaur's attack. The centaur closely misses you.
Erica hits you with a +3 scimitar of flaming!
* * * LOW HITPOINT WARNING * * *
Erica burns you.
You die...

##..# #...##
.....## ####..##
#≈≈≈.####
#≈∩.....####
#≈≈≈c......####
####..###..5K@####
#..# ####5c@).#
#..# ####).....#
#..# ###..## #..#
..# #..# .. #..# #
#..# #..#


You could see Erica (invisible), a kobold demonologist, a centaur, an iron imp
(summoned) and an ufetubus (summoned).

Vanquished Creatures
  Joseph (D:8)
  An unseen horror (D:10)
  A troll (D:9)
  2 hornets
  Prince Ribbit (D:8)
  A wyvern (D:8)
  6 yaks (D:9)
  Grum (D:8)
  3 steam dragons
  An acid dragon (D:10)
  4 water moccasins
  6 orc warriors
  An ice beast (D:5)
  5 sky beasts
  3 black bears
  3 ogres
  4 wolves (D:8)
  A centaur (D:9)
  A kobold brigand (D:8)
  5 bullfrogs
  2 scorpions (D:9)
  3 gnoll sergeants
  8 wights (D:8)
  2 howler monkeys
  4 hounds
  7 orc priests
  A jelly (D:6)
  2 iguanas
  2 sleepcaps
  5 orc wizards
  6 gnolls (D:8)
  6 adders
  A shadow imp (D:7)
  3 white imps
  An ufetubus (D:6)
  3 worms
  A dart slug (D:5)
  22 orcs
  3 ball pythons
  9 bats
  8 endoplasms
  3 goblins (D:3)
  7 hobgoblins
  4 jackals (D:1)
  3 quokkas
  3 frilled lizards
  13 kobolds
  4 rats
187 creatures vanquished.

Vanquished Creatures (others)
  A gnoll (D:8)
  An orc (D:8)
2 creatures vanquished.

Grand Total: 189 creatures vanquished

Notes
Turn   | Place    | Note
-------+----------+-------------------------------------------
     0 | D:1      | Newt the Barachi Fighter began the quest for the Orb.
     0 | D:1      | Reached XP level 1. HP: 18/18 MP: 1/1
   272 | D:1      | Reached XP level 2. HP: 25/25 MP: 2/2
   654 | D:2      | Reached XP level 3. HP: 32/32 MP: 3/3
   657 | D:2      | Reached skill level 5 in Fighting
   849 | D:2      | Found a glowing golden altar of the Shining One.
   863 | D:2      | Became a worshipper of the Shining One
   986 | D:2      | Found a faded altar of an unknown god.
  1234 | D:2      | Reached XP level 4. HP: 39/39 MP: 4/4
  1631 | D:3      | Noticed a black bear
  1642 | D:3      | Reached skill level 5 in Long Blades
  1642 | D:3      | Reached XP level 5. HP: 44/44 MP: 5/5
  1650 | D:3      | Killed a black bear
  1814 | D:3      | Found an ornate altar of the Wu Jian Council.
  2049 | D:3      | Reached XP level 6. HP: 46/51 MP: 6/6
  2602 | D:4      | Reached skill level 4 in Armour
  2864 | D:4      | Found an opulent altar of Gozag.
  3027 | D:4      | Found Kadicemykh's Antique Armour Emporium.
  3153 | D:4      | Found a bloodstained altar of Trog.
  3237 | D:5      | Entered Level 5 of the Dungeon
  3251 | D:5      | Found a staircase to the Ecumenical Temple.
  3282 | D:5      | Reached XP level 7. HP: 42/56 MP: 7/7
  3339 | D:5      | Reached skill level 5 in Armour
  3363 | D:5      | Reached skill level 6 in Armour
  3693 | D:5      | Found a one-way gate to the infinite horrors of the Abyss.
  3696 | D:5      | Noticed klm127's ghost (novice DrCj)
  3725 | D:5      | Found a transporter.
  3731 | D:5      | Found a transporter.
  3742 | D:5      | Reached * piety under the Shining One
  3841 | D:5      | Found Cyed Wasa's Hydra Hut.
  3842 | D:5      | Noticed a seven-headed hydra
  4061 | D:6      | Reached XP level 8. HP: 59/62 MP: 8/8
  4317 | D:6      | Found a glowing golden altar of the Shining One.
  4586 | D:7      | Noticed a hornet
  4597 | D:7      | Killed a hornet
  4971 | D:7      | Found a shimmering altar of Xom.
  4971 | D:7      | Noticed an angel
  4984 | D:7      | Reached XP level 9. HP: 68/68 MP: 10/12
  4999 | D:7      | Found a glowing silver altar of Zin.
  5207 | D:7      | Reached skill level 5 in Invocations
  5655 | D:8      | Reached ** piety under the Shining One
  5657 | D:8      | Noticed a hornet
  5830 | D:8      | Killed a hornet
  6176 | D:8      | Noticed Grum
  6226 | D:8      | HP: 2/68 [Grum/-2 spear (10)]
  6229 | D:8      | Killed Grum
  6230 | D:8      | Reached skill level 5 in Shields
  6696 | D:8      | Noticed Prince Ribbit
  6711 | D:8      | Noticed Joseph
  6726 | D:8      | Reached XP level 10. HP: 55/74 MP: 15/15
  6744 | D:8      | Killed Joseph
  6755 | D:8      | Killed Prince Ribbit
  7686 | D:8      | Found a basalt altar of Yredelemnul.
  7691 | D:8      | Found a blossoming altar of Fedhas.
  7694 | D:8      | Found a hazy altar of Hepliaklqana.
  7925 | D:9      | Found a staircase to the Lair.
  8332 | D:9      | Reached *** piety under the Shining One
  8347 | D:9      | Reached skill level 7 in Armour
  8364 | D:9      | Reached skill level 8 in Armour
  8523 | D:9      | Found Cabrif's Book Shop.
  8552 | D:9      | Found a snail-covered altar of Cheibriados.
  8563 | D:9      | Found a sacrificial altar of Ru.
  8575 | D:9      | Found an iron altar of Okawaru.
  8842 | D:9      | Reached XP level 11. HP: 86/86 MP: 16/16
  8849 | D:9      | Reached skill level 9 in Armour
  9015 | D:9      | Found a white marble altar of Elyvilon.
  9219 | D:10     | Entered Level 10 of the Dungeon
  9387 | D:10     | Found a radiant altar of Vehumet.
  9601 | D:10     | Found Tujaakloo's Antique Armour Emporium.
  9627 | D:10     | Noticed Erica
  9637 | D:10     | Reached skill level 10 in Armour
  9637 | D:10     | Reached skill level 5 in Dodging
  9644 | D:10     | Slain by Erica

Illustrated notes

Levels and vault maps discovered:
D:1:      eino_arrival_tree_alley, layout_loops_ring
D:2:      minmay_wonky_spiral, layout_loops_ring, basic_altar,
          hellmonk_ecumenical_altar_crossroads, st_stairs_4, minmay_domino_2
D:3:      layout_basic, mainiacjoe_overflow_small_starburst, st_stairs_6,
          minmay_misc_feat_columns, hellmonk_no_cap
D:4:      minmay_recursive_quarters, layout_loops_ring,
          nicolae_gozag_cash_rules_everything_around_me, trog_book,
          serial_shops, shop_coins, minmay_misc_feat_five
D:5:      layout_basic, minmay_temple_entry_gardened_gates,
          gammafunk_ghost_abyssal_escape, minmay_liquid_box,
          doesnt_shop_hydraphobe
D:6:      layout_gridville, tso_oasis_becter
D:7:      layout_rooms, grunt_temple_overflow_order_and_chaos_1,
          minmay_misc_feat_cross, minivault_1
D:8:      layout_cave_pods, minmay_overflow_temple_star_quad,
          serial_column_ruins, column_ruins_hut, column_ruins_hut,
          column_ruins_open_small, column_ruins_open_small, column_ruins_grid_1,
          column_ruins_open_large, column_ruins_corridor_straight,
          column_ruins_open_small, column_ruins_open_tiny, st_stairs_6,
          uniq_prince_ribbit1, uniq_joseph, uniq_grum
D:9:      layout_cave_pods, nicolae_overflow_quartered_altars,
          due_lair_maze_entry_diamond, serial_shops,
          nicolae_shop_competitors_out_of_business, reono_crystal_passage,
          amethyst_killhole
D:10:     layout_cave_pods, old_standard_altar, serial_shops,
          nicolae_shop_tiny_waterfront, minmay_joined_circles, uniq_erica

Skill      XL: |  1  2  3  4  5  6  7  8  9 10 11 |
---------------+----------------------------------+-----
Fighting       | 4 5 8 |  8.0
Long Blades    | 3 5 7 9 |  9.0
Dodging        | 3 4 5 |  5.1
Armour         | 4 6 8 10 | 10.0
Invocations    | 4 7 |  7.0
Shields        | 7 9 |  9.0

Action                     |  1- 3 |  4- 6 |  7- 9 | 10-12 || total
---------------------------+-------+-------+-------+-------++-------
  Melee: Long sword        |   108 |   147 |   329 |   256 ||   840
  Throw: Dart              |       |       |     2 |       ||     2
         Boomerang         |       |       |       |     1 ||     1
 Invoke: Divine Shield     |       |       |     1 |     1 ||     2
  Evoke: Wand              |       |       |       |     1 ||     1
    Use: Scroll            |     3 |     7 |     9 |     3 ||    22
         Potion            |       |       |     3 |     1 ||     4
 Armour: Ring mail         |    48 |    53 |   118 |   101 ||   320
         Scale mail        |     1 |       |       |       ||     1
  Dodge: Dodged            |    79 |   133 |   343 |   230 ||   785
  Block: Buckler           |    30 |    35 |    91 |   114 ||   270

Table legend: (Time is in decaauts)
 A = Elapsed time spent in this place.
 B = Non-inter-level travel time spent in this place.
 C = Inter-level travel time spent in this place.
 D = Time resting spent in this place.
 E = Time spent auto-exploring this place.
 F = Levels seen in this place.
 G = Mean time per level.
                   A        B        C        D        E       F      G
               +--------+--------+--------+--------+--------+-----+--------+
         Total |  10893 |  10405 |    488 |   1945 |   6787 |  10 | 1089.3 |
       Dungeon |  10893 |  10405 |    488 |   1945 |   6787 |  10 | 1089.3 |
               +--------+--------+--------+--------+--------+-----+--------+

Top non-repeatable levels by time:
     D:8: 2129 daAuts
     D:7: 1496 daAuts
     D:9: 1459 daAuts
     D:3: 1073 daAuts
     D:4: 1052 daAuts
     D:2: 1002 daAuts
     D:5: 763 daAuts
     D:6: 755 daAuts
     D:1: 673 daAuts
    D:10: 487 daAuts
